 Dungeon Crawl Stone Soup version 0.26.0-16-gc1dbca0489 (webtiles) character file.

Game seed: 5482840718714324620

72 kaeus the Skirmisher (level 4, -6/35 HPs)
             Began as a Demonspawn Fighter on Jan 22, 2021.
             Mangled by Sigmund
             ... wielding a +0 scythe
              (8 damage)
             ... on level 2 of the Dungeon.
             The game lasted 00:01:24 (1464 turns).

kaeus the Skirmisher (Demonspawn Fighter)           Turns: 1464, Time: 00:01:24

Health: -6/35      AC:  4    Str: 18    XL:     4   Next: 6%
Magic:  4/4        EV:  9    Int:  9    God:
Gold:   47         SH:  9    Dex: 12    Spells: 3/3 levels left

rFire    . . .     SeeInvis .   m - +3 war axe
rCold    . . .     Faith    .   c - +0 kite shield
rNeg     . . .     Spirit   .   n - +2 animal skin
rPois    .         Reflect  .   (helmet restricted)
rElec    .         Harm     .   (no cloak)
rCorr    .         Rampage  .   (no gloves)
Will     .....                  (no boots)
Stlth    ++........             (no amulet)
HPRegen  0.11/turn              (no ring)
MPRegen  0.09/turn              (no ring)

@: no status effects
A: horns 1
a: no special abilities


You were on level 2 of the Dungeon.
You visited 1 branch of the dungeon, and saw 2 of its levels.

You collected 47 gold pieces.

Inventory:

Hand Weapons
 a - a +0 rapier
 m - a +3 war axe (weapon)
Armour
 c - a +0 kite shield (worn)
 n - a +2 animal skin (worn)
Scrolls
 b - a scroll of enchant armour {unknown}
 g - a scroll of immolation {unknown}
 h - a scroll of blinking {unknown}
 j - a scroll of magic mapping {unknown}
 l - a scroll of identify {unknown}
 o - a scroll of teleportation {unknown}
 p - a scroll of amnesia {unknown}
Potions
 d - a potion of might
 e - a potion of brilliance {unknown}
 f - a potion of lignification {unknown}
 i - 2 potions of curing {unknown}
 k - 2 potions of heal wounds {unknown}
 q - a potion of attraction {unknown}


   Skills:
 + Level 3.4 Fighting
 + Level 2.3 Short Blades
 - Level 2.9 Armour
 * Level 1.2 Dodging
 * Level 1.5 Stealth
 - Level 2.9 Shields


You had 3 spell levels left.
You didn't know any spells.
Your spell library was empty.

Dungeon Overview and Level Annotations

Branches:
Dungeon (2/15)

Altars:

Annotations:
D:2 Sigmund


Innate Abilities, Weirdness & Mutations

You have a pair of small horns on your head.


Message History

You block the quokka's attack.
You take 9 damage, and have 20/35 hp.
MASSIVE DAMAGE!!
A quokka is nearby!
You slash the quokka!
You kill the quokka!
You block something's attack.
There is a strange disturbance nearby!
No target in view!
There is a strange disturbance nearby!
No target in view!
There is a strange disturbance nearby!
No target in view!
Something hits you!
You take 7 damage, and have 13/35 hp.
You miss something. Something hits you!
* * * LOW HITPOINT WARNING * * *
You take 11 damage, and have 2/35 hp.
MASSIVE DAMAGE!!
Your shield prevents you from hitting something.
Something hits you!
You die...

### #.. ..# #
#.# .# ##.##.#
.....#### #.
##{......# .
##.@# .##
##..)# ..###
#####...(#
#.#..
.........#
#.#.#
####....#####.#
#.#.#
##.........#
##.#.#
##.########
.....# #.#
##.##### #.#


There were no monsters in sight!

Vanquished Creatures
  Robin (D:2)
  An adder (D:2)
  2 dart slugs
  A leopard gecko (D:1)
  14 goblins
  9 hobgoblins
  2 jackals (D:1)
  A quokka (D:2)
  A ball python (D:1)
  3 bats
  2 frilled lizards (D:1)
  A kobold (D:2)
  3 rats
41 creatures vanquished.

Notes
Turn   | Place    | Note
-------+----------+-------------------------------------------
     0 | D:1      | kaeus the Demonspawn Fighter began the quest for the Orb.
     0 | D:1      | Reached XP level 1. HP: 18/18 MP: 1/1
   190 | D:1      | Gained mutation: You have a pair of small horns on your
                  | head. [demonic ancestry]
   190 | D:1      | Reached XP level 2. HP: 14/24 MP: 2/2
  1090 | D:2      | Reached XP level 3. HP: 29/29 MP: 3/3
  1115 | D:2      | Reached skill level 1 in Stealth
  1157 | D:2      | Noticed Robin
  1166 | D:2      | Reached skill level 1 in Dodging
  1171 | D:2      | Killed Robin
  1326 | D:2      | Reached XP level 4. HP: 31/35 MP: 4/4
  1453 | D:2      | Noticed Sigmund
  1464 | D:2      | Mangled by Sigmund

Illustrated notes

Levels and vault maps discovered:
D:1:      minmay_arrival_three_doors, layout_basic
D:2:      layout_loops_ring, okawaru_ov_weapons_minmay, uniq_sigmund, uniq_robin

Skill      XL: |  1  2  3 |
---------------+----------+-----
Short Blades   | 2 |  2.3
Stealth        | 1 |  1.5
Dodging        | 1 |  1.2
Fighting       | |  3.4
Armour         | |  2.9
Shields        | |  2.9

Action                   |  1- 3 |  4- 6 || total
-------------------------+-------+-------++-------
Melee: Rapier            |    74 |       ||    74
       Headbutt          |     8 |       ||     8
       War axe           |    19 |    11 ||    30
Armor: Scale mail        |    43 |       ||    43
       Animal skin       |     2 |     5 ||     7
Dodge: Dodged            |    22 |     2 ||    24
Block: Kite shield       |    41 |     9 ||    50
